 Dungeon Crawl Stone Soup version 0.16.0-17-g811c1d7 (webtiles) character file.

9594 Leibowitz the Nimble (level 11, -1/92 HPs)
             Began as a Merfolk Gladiator on Mar 21, 2015.
             Was an Elder of Zin.
             Slain by a yak (7 damage)
             ... on level 10 of the Dungeon.
             The game lasted 00:42:39 (8939 turns).

Leibowitz the Nimble (Merfolk Gladiator)            Turns: 8939, Time: 00:42:40

Health: -1/92      AC:  7    Str: 21    XL:     11   Next: 48%
Magic:  17/17      EV: 23    Int: 11    God:    Zin [****..]
Gold:   111        SH:  0    Dex: 17    Spells: 0 memorised, 10 levels left

rFire  + . .     SeeInvis .     a - +0 trident (elec)
rCold  + . .     Clarity  .     B - +2 robe {rC+ rF+} (curse)
rNeg   . . .     SustAb   .     (no shield)
rPois  ∞         Gourm    .     c - +0 helmet (curse)
rElec  .         Spirit   .     F - +1 cloak
rCorr  .         Warding  .     (no gloves)
rMut   .         Stasis   +     (no boots)
MR     .....                    z - amulet of stasis
Stlth  ++++......               q - ring of stealth
                                j - +4 ring of strength

@: vitalised, not resistant to hostile enchantments, stealthy
A: change form in water, swift swim, clumsy 1, sense surroundings 1, robust 1
a: Recite, Vitalisation, Imprison, Renounce Religion


You were on level 10 of the Dungeon.
You worshipped Zin.
Zin was greatly pleased with you.
You were not hungry.

You visited 2 branches of the dungeon, and saw 11 of its levels.
You also visited: Ossuary.

You collected 300 gold pieces.
You spent 16 gold pieces at shops.
You donated 173 gold pieces to Zin.

Inventory:

Hand weapons
 a - a +0 trident of electrocution (weapon)
 b - a +0 blowgun
Missiles
 d - 6 throwing nets (quivered)
 A - 12 poisoned needles
Armour
 c - a cursed +0 helmet (worn)
 B - a cursed +2 robe of resistance (worn)
 F - a +1 cloak (worn)
Jewellery
 j - a +4 ring of strength (left hand)
 o - a cursed ring of protection from cold
 q - a ring of stealth (right hand)
 z - an amulet of stasis (around neck)
Magical devices
 h - a wand of slowing (17)
 s - a wand of cold (11)
 u - a wand of digging (11)
 y - a wand of cold (0)
 C - a wand of confusion (31)
Scrolls
 e - 2 scrolls of enchant armour
 i - 3 scrolls of teleportation
 k - 3 scrolls of enchant weapon
 m - 8 scrolls of remove curse
 n - 9 scrolls of identify
 r - 4 scrolls of recharging
 H - a scroll of acquirement {unknown}
Potions
 g - 8 potions of curing
 l - 2 potions of brilliance
 p - 2 potions of restore abilities
 v - a potion of ambrosia
 w - a potion of haste
 x - 2 potions of flight
 D - a potion of agility
 E - 4 potions of heal wounds
Comestibles
 f - 8 bread rations
 t - 3 meat rations
 G - a beef jerky
 I - a chunk of flesh


   Skills:
 * Level 7.4 Fighting
 * Level 12.6 Polearms
 + Level 2.5 Throwing
 * Level 4.8 Armour
 * Level 13.9 Dodging
 + Level 6.0 Stealth
 + Level 3.4 Invocations


You had 10 spell levels left.
You didn't know any spells.

Dungeon Overview and Level Annotations

Branches:
Dungeon (10/15)            Temple (1/1) D:4            Lair (0/8) D:8
    Orc: D:9-12

Altars:
Ashenzari
Cheibriados
Dithmenos
Elyvilon
Fedhas
Gozag
Kikubaaqudgha
Makhleb
Nemelex Xobeh
Okawaru
Qazlal
Ru
Sif Muna
Trog
Vehumet
Xom
Yredelemnul
Zin
The Shining One

Shops:
D:4 [   D:7 ?   D:8 =   D:10 :


Innate Abilities, Weirdness & Mutations

You revert to your normal form in water.
You are very nimble and swift while swimming.
You are clumsy. (Dex -2)
You passively map a small area around you.
You are robust (+10% HP).


Message History

* * * LOW HITPOINT WARNING * * *
The yak closely misses you.
You puncture the yak!!
The yak is heavily wounded.
You hit the yak!
The yak is almost dead.
The yak misses you. The yak completely misses you.
You puncture the yak!!
You kill the yak!
The centaur shoots an arrow.
The arrow hits you!
* * * LOW HITPOINT WARNING * * *
The yak misses you.
The centaur unwields an uncursed enchanted shortbow.
The centaur misses you. The yak gores you!
* * * LOW HITPOINT WARNING * * *
Use which ability? (? or * to list) Zin grants you divine stamina.
You feel somewhat less hungry.
The centaur is lost in a daze.
The yak gores you!
You die...

.....##..###.....# .
._..)).)..'......##.#
.....##..###.....##.# ######
...###..##.##...###.#####.#!#.#
#+###..#'...##### #............#
......###._.# #....)#.#.#.##
8.8##'###...# #............#
#'##...###.########.....#.#.#.##
#!#.._..#####..c@(.....(.......#
#.##...## #...Y##(.(..#.#.#.##
||[##### #....##.####.<.....#
####### #......##.# ##.#†#.##*
....... ........##.# #.......#*
#####.# #......##.# ##.#.#.##
...##.## ##....##.# #........*
...##..# #....##.# ##.#.#.#..
.......# ** ####.# *.......##


You could see a yak and a centaur (dazed).

Vanquished Creatures
  Pikel (D:7)
  A flayed ghost (D:10)
  3 hill giants (D:10)
  Joseph (D:10)
  A gargoyle (D:10)
  A wandering mushroom (D:8)
  A shadow (D:10)
  A spriggan (D:8)
  5 yaks (D:10)
  2 fire bats (D:10)
  A hippogriff (D:9)
  4 wraiths (D:10)
  Edmund (D:5)
  Menkaure (D:4)
  2 black bears (D:7)
  5 ogres
  2 ice beasts
  3 orc warriors
  A necrophage (D:5)
  2 centaurs (D:7)
  Blork the orc (D:4)
  5 giant frogs
  5 wights (D:9)
  5 scorpions
  A goliath beetle (D:6)
  8 killer bees
  5 crimson imps
  5 orc priests
  2 centaur skeletons
  2 jellies
  5 hounds
  A giant frog skeleton (D:6)
  7 orc wizards
  7 iguanas
  9 worker ants
  6 big kobold zombies (Ossuary)
  Ijyb (D:2)
  A killer bee zombie (D:6)
  3 hound zombies
  3 mummies
  3 gnolls (D:2)
  9 adders
  2 giant mites
  A shadow imp (D:6)
  2 adder skeletons
  4 giant geckos
  An ooze (D:3)
  25 orcs
  4 spectral bats (Ossuary)
  A ball python (D:2)
  27 bats
  2 bat zombies
  6 giant cockroaches
  6 gnoll zombies (Ossuary)
  12 goblins
  16 hobgoblins
  11 jackals
  2 quokkas
  5 bat simulacra (Ossuary)
  A giant gecko skeleton (D:4)
  8 giant newts
  2 goblin simulacra (Ossuary)
  4 goblin zombies (Ossuary)
  6 hobgoblin zombies (Ossuary)
  16 kobolds
  4 kobold simulacra (Ossuary)
  A kobold zombie (Ossuary)
  7 orc zombies (Ossuary)
  13 rats
  A rat simulacrum (Ossuary)
  A rat zombie (D:3)
  3 spectral goblins (Ossuary)
  3 spectral kobolds (Ossuary)
  5 spectral rats (Ossuary)
  A fungus (D:8)
336 creatures vanquished.

Vanquished Creatures (others)
  An adder (D:7)
  A giant spore (D:6)
2 creatures vanquished.

Grand Total: 338 creatures vanquished

Notes
Turn   | Place    | Note
--------------------------------------------------------------
     0 | D:1      | Leibowitz, the Merfolk Gladiator, began the quest for the Orb.
     0 | D:1      | Reached XP level 1. HP: 16/16 MP: 1/1
   213 | D:1      | Reached XP level 2. HP: 22/22 MP: 2/2
   895 | D:1      | Reached XP level 3. HP: 7/27 MP: 3/3
   911 | D:2      | Reached skill level 5 in Polearms
   931 | D:2      | Found an opulent altar of Gozag.
  1055 | D:2      | Reached skill level 1 in Armour
  1219 | D:2      | Reached skill level 1 in Stealth
  1256 | D:2      | Reached XP level 4. HP: 30/33 MP: 4/4
  1286 | D:2      | Noticed Ijyb
  1300 | D:2      | Killed Ijyb
  1379 | D:2      | Reached skill level 5 in Dodging
  1401 | D:2      | Reached XP level 5. HP: 25/40 MP: 5/5
  1668 | D:2      | Found a glowing golden altar of the Shining One.
  2110 | D:3      | Found a glowing silver altar of Zin.
  2271 | D:3      | Became a worshipper of Zin the Law-Giver
  2274 | D:3      | Donated 34 gold pieces to Zin
  2274 | D:3      | Donated 17 gold pieces to Zin
  2305 | D:3      | Found a radiant altar of Vehumet.
  2435 | D:3      | Found an ancient bone altar of Kikubaaqudgha.
  2689 | D:4      | Noticed Blork the orc
  2693 | D:4      | Noticed Menkaure
  2706 | D:4      | Killed Blork the orc
  2706 | D:4      | Reached XP level 6. HP: 18/47 MP: 6/6
  2710 | D:4      | Killed Menkaure
  2710 | D:4      | Reached skill level 6 in Dodging
  2884 | D:4      | Acquired Zin's first power
  2919 | D:4      | Found a staircase to the Ecumenical Temple.
  2976 | D:4      | Reached XP level 7. HP: 43/53 MP: 7/7
  3192 | D:4      | Found Kuxu's Antique Armour Shoppe.
  3195 | D:4      | Bought an embroidered robe for 16 gold pieces
  3268 | D:4      | Reached skill level 7 in Dodging
  3939 | Temple   | Entered the Ecumenical Temple
  4049 | D:5      | Entered Level 5 of the Dungeon
  4063 | D:5      | Noticed Edmund
  4066 | D:5      | Found a deep blue altar of Sif Muna.
  4071 | D:5      | Killed Edmund
  4071 | D:5      | Reached XP level 8. HP: 61/61 MP: 8/8
  4125 | D:5      | Reached skill level 8 in Dodging
  4230 | D:5      | Found a stormy altar of Qazlal.
  4262 | D:5      | Reached skill level 5 in Fighting
  4288 | D:5      | Found a sand-covered staircase.
  4454 | D:5      | Found an opulent altar of Gozag.
  4470 | Ossuary  | Entered an ossuary
  4526 | Ossuary  | Acquired Zin's second power
  5151 | D:5      | Reached skill level 9 in Dodging
  5252 | D:6      | Reached skill level 1 in Invocations
  5255 | D:6      | Reached XP level 9. HP: 53/68 MP: 10/10
  5487 | D:6      | Acquired Zin's third power
  5756 | D:6      | Found a shattered altar of Ashenzari.
  5817 | D:6      | Found a sacrificial altar of Ru.
  5982 | D:6      | Gained mutation: You passively map a small area around you. [potion of mutation]
  5982 | D:6      | Gained mutation: You are clumsy. (Dex -2) [potion of mutation]
  5982 | D:6      | Gained mutation: You are robust (+10% HP). [potion of mutation]
  6107 | D:7      | Found a blossoming altar of Fedhas.
  6115 | D:7      | Reached skill level 10 in Dodging
  6191 | D:7      | Noticed Pikel
  6212 | D:7      | Killed Pikel
  6293 | D:7      | Reached skill level 10 in Polearms
  6435 | D:7      | Reached skill level 11 in Dodging
  6453 | D:7      | Found a bloodstained altar of Trog.
  6702 | D:7      | Reached XP level 10. HP: 78/84 MP: 13/13
  6721 | D:7      | Found Tiny's Magic Scroll Emporium.
  6995 | D:8      | Found Javomo's Jewellery Emporium.
  7269 | D:8      | Found a staircase to the Lair.
  7552 | D:9      | Found a shimmering altar of Xom.
  7554 | D:9      | Found a shimmering altar of Xom.
  7603 | D:9      | Found a shimmering altar of Xom.
  7673 | D:9      | Found a shimmering altar of Xom.
  7680 | D:9      | Found a shimmering altar of Xom.
  7721 | D:9      | Reached skill level 12 in Dodging
  8078 | D:10     | Entered Level 10 of the Dungeon
  8114 | D:10     | Reached skill level 5 in Stealth
  8187 | D:10     | Found Vasepn's Book Emporium.
  8226 | D:10     | Noticed Joseph
  8236 | D:10     | Killed Joseph
  8339 | D:10     | Found a runed door.
  8341 | D:10     | Found an ancient bone altar of Kikubaaqudgha.
  8341 | D:10     | Noticed a hill giant
  8356 | D:10     | Killed a hill giant
  8491 | D:10     | Found a bloodstained altar of Trog.
  8505 | D:10     | Noticed a flayed ghost
  8515 | D:10     | Killed a flayed ghost
  8515 | D:10     | Reached skill level 13 in Dodging
  8515 | D:10     | Reached XP level 11. HP: 74/92 MP: 17/17
  8599 | D:10     | Found a glowing silver altar of Zin.
  8612 | D:10     | Donated 92 gold pieces to Zin
  8622 | D:10     | Found a basalt altar of Yredelemnul.
  8701 | D:10     | Found a basalt altar of Yredelemnul.
  8737 | D:10     | Found a white marble altar of Elyvilon.
  8774 | D:10     | Noticed a hill giant
  8779 | D:10     | Killed a hill giant
  8821 | D:10     | Noticed a hill giant
  8828 | D:10     | Killed a hill giant
  8939 | D:10     | Slain by a yak

Action                   |  1- 3 |  4- 6 |  7- 9 | 10-12 || total
-------------------------+-------+-------+-------+-------++-------
Melee: Trident           |    83 |   149 |   456 |   339 ||  1027
 Fire: Blowgun           |       |       |    14 |     8 ||    22
Throw: Throwing net      |       |     5 |     2 |       ||     7
Invok: Recite            |       |       |     8 |     5 ||    13
       Vitalisation      |       |       |       |     1 ||     1
Evoke: Wand              |       |       |       |     2 ||     2
  Use: Potion            |     6 |       |     7 |     1 ||    14
       Scroll            |       |       |       |    13 ||    13
 Stab: Sleeping          |     1 |     6 |    30 |     8 ||    45
       Invisible         |     1 |       |       |     3 ||     4
       Held in net/web   |       |     2 |       |       ||     2
       Distracted        |       |     1 |     1 |       ||     2
       Paralysed         |       |       |       |     1 ||     1
  Eat: Chunk             |     1 |     6 |     6 |     2 ||    15
       Fruit             |       |       |     1 |       ||     1
       Pizza             |       |       |     3 |       ||     3
       Bread ration      |       |       |       |     1 ||     1
       Beef jerky        |       |       |       |     1 ||     1
